Map: Oxide LE

Players

DuncanDalas

  • Race: Terran Terran
  • League: Diamond
  • Spawn Location: 7:00

Munte - Winner!

  • Race: Zerg Zerg
  • Spawn Location: 1:00

VOD

Have the link to the VOD?

Description

Time

  • Played on: Oct. 5, 2020, 3:01 a.m.
  • Length: 12:09
Show
View Real Time Build Order
Export as new Build Order

DuncanDalas Terran 

Build Orders: Reaper Expand, Mech 

Get SALT Encoding   

  12  0:00  SCV  
  13  0:12  SCV  
  14  0:17  Supply Depot  
  14  0:25  SCV  
  15  0:39  SCV  
  15  0:41  Barracks  
  16  0:45  Refinery  
  16  0:51  SCV  
  17  1:03  SCV  
  18  1:15  SCV  
  19  1:28  Reaper, Orbital Command  
  20  1:42  Command Center  
  20  1:54  Supply Depot  
  20  1:55  SCV  
  21  2:03  Marine  
  21  2:07  SCV  
  23  2:14  Factory  
  23  2:19  SCV  
  24  2:25  Refinery  
  24  2:26  Barracks Reactor  
  24  2:31  SCV  
  25  2:44  SCV  
  26  2:56  SCV  
  27  3:00  Starport  
  27  3:08  SCV  
  27  3:09  Orbital Command  
  27  3:12  Hellion x2  
  32  3:20  SCV  
  33  3:32  SCV  
  33  3:33  Hellion x2  
  38  3:34  Supply Depot, SCV  
  39  3:44  SCV  
  39  3:47  SCV  
  40  3:55  Starport Tech Lab, Supply Depot  
  40  3:56  SCV  
  40  3:59  Fusion Core, SCV  
  40  4:00  Hellion x2  
  46  4:06  Refinery  
  46  4:08  SCV  
  47  4:22  Command Center  
  47  4:30  Supply Depot  
  47  4:31  SCV x2  
  49  4:36  Refinery  
  49  4:43  SCV x2  
  51  4:55  SCV x2  
  53  5:03  Hellion  
  53  5:04  Hellion, Battlecruiser  
  63  5:07  SCV x2  
  65  5:15  Armory  
  65  5:19  SCV x2  
  67  5:25  Hellion  
  69  5:31  SCV  
  69  5:32  Supply Depot  
  69  5:33  Supply Depot  
  69  5:34  Hellion, SCV  
  69  5:35  Armory  
  74  5:39  Orbital Command  
  73  5:43  SCV  
  73  5:46  Hellion, SCV  
  77  5:55  Hellion, SCV  
  80  5:58  SCV  
  80  5:59  Weapon Refit  
  81  6:08  Hellion  
  83  6:12  Factory x2  
  83  6:15  Battlecruiser  
  83  6:17  Hellion  
  91  6:22  SCV x3  
  91  6:25  Terran Vehicle And Ship Armor Level 1  
  94  6:34  SCV x2  
  70  6:55  Orbital Command  
  70  6:58  Factory Tech Lab, Hellion  
  70  6:59  Hellion  
  68  7:01  SCV x2  
  57  7:13  SCV x2  
  55  7:19  Smart Servos  
  55  7:20  Siege Tank  
  55  7:21  Hellion  
  61  7:25  SCV  
  61  7:26  SCV x2  
  58  7:33  Terran Vehicle Weapons Level 1  
  53  7:37  Starport Tech Lab, SCV  
  53  7:38  Hellion  
  49  7:48  SCV x2  
  49  7:49  SCV  
  51  7:58  Siege Tank  
  52  7:59  Factory Tech Lab  
  52  8:06  SCV x3  
  55  8:18  SCV x2  
  55  8:19  SCV  
  58  8:22  Siege Tank  
  61  8:30  SCV x2  
  61  8:31  SCV  
  61  8:33  Factory Reactor  
  64  8:38  Supply Depot  
  64  8:42  SCV  
  64  8:43  SCV  
  66  8:50  SCV  
  66  8:55  SCV x2  
  69  9:02  SCV  
  69  9:05  Supply Depot x2  
  69  9:07  Supply Depot, Command Center, SCV  
  70  9:10  Battlecruiser  
  76  9:26  Mag-Field Accelerator  
  76  9:27  Hellion x4, SCV x3  
  76  9:30  Engineering Bay  
  87  9:39  SCV x3  
  78  10:09  Command Center  
  78  10:10  Missile Turret x2  
  78  10:11  Missile Turret  
  78  10:13  Refinery  
  78  10:15  SCV  
  71  10:38  Hellion x3  
  71  10:39  Hellion  
  71  10:40  Hellion  
  71  10:42  Raven, Cyclone x2  
  82  10:54  Missile Turret x2  
  82  11:10  SCV  
  83  11:20  SCV  
  83  11:22  SCV  
  86  11:37  SCV  
Show
View Real Time Build Order
Export as new Build Order

Munte Zerg - Winner!

Build Orders: Hatch First 

Get SALT Encoding   

  12  0:00  Drone  
  13  0:12  Overlord  
  13  0:17  Drone  
  14  0:31  Drone x2  
  16  0:51  Drone, Hatchery  
  16  0:55  Drone  
  17  0:58  Drone  
  18  1:11  Extractor  
  17  1:15  Spawning Pool  
  17  1:18  Drone  
  17  1:20  Drone  
  18  1:28  Drone  
  19  1:39  Drone  
  20  1:50  Overlord  
  20  2:01  Queen  
  20  2:03  Queen, Zergling x4  
  26  2:12  Drone  
  26  2:15  Metabolic Boost  
  27  2:17  Drone  
  28  2:25  Drone x2  
  30  2:33  Drone  
  31  2:48  Overlord, Hatchery  
  30  2:53  Drone x2  
  30  2:58  Queen  
  34  3:05  Drone x2  
  36  3:16  Drone x5  
  41  3:22  Queen  
  43  3:29  Drone  
  43  3:31  Overlord  
  44  3:35  Overlord  
  44  3:56  Roach Warren  
  44  3:57  Extractor, Lair  
  44  3:58  Extractor  
  44  4:01  Drone x3, Evolution Chamber  
  44  4:02  Drone x2  
  45  4:03  Drone  
  45  4:04  Drone  
  45  4:05  Queen  
  49  4:21  Drone x5  
  49  4:22  Overlord  
  54  4:24  Overlord  
  54  4:26  Overlord  
  54  4:36  Zerg Missile Weapons Level 1  
  54  4:37  Roach  
  54  4:38  Roach  
  58  4:39  Roach  
  60  4:50  Roach  
  60  4:51  Roach x3  
  68  5:07  Roach x7  
  68  5:12  Glial Reconstitution  
  80  5:23  Queen  
  80  5:24  Queen  
  80  5:25  Spore Crawler  
  83  5:33  Queen  
  85  5:38  Spore Crawler x2  
  85  5:41  Spore Crawler  
  82  5:52  Extractor, Drone x2  
  82  5:53  Drone x2  
  82  5:54  Drone, Overlord  
  82  5:55  Overlord  
  86  6:21  Evolution Chamber  
  86  6:23  Spire  
  84  6:26  Drone  
  84  6:27  Drone x4, Baneling Nest  
  84  6:58  Roach x9  
  92  7:11  Zerg Ground Armor Level 1, Zerg Missile Weapons Level 2  
  88  7:23  Roach x6  
  90  7:30  Overlord x2  
  90  7:34  Hydralisk Den  
  89  7:49  Corruptor  
  89  7:50  Corruptor x5  
  97  7:54  Drone  
  97  7:55  Drone x2  
  86  8:17  Extractor  
  86  8:18  Extractor  
  84  8:30  Corruptor x2, Hatchery  
  84  8:31  Corruptor x2  
  84  8:33  Zergling x10  
  96  8:41  Drone x3  
  99  8:57  Overlord  
  99  8:58  Overlord  
  99  9:01  Drone x2  
  99  9:02  Drone  
  102  9:03  Drone x6  
  102  9:04  Drone x2  
  102  9:06  Zerg Flyer Weapons Level 1  
  102  9:09  Centrifical Hooks  
  106  9:28  Zergling x18  
  115  9:35  Roach x3  
  113  10:03  Infestation Pit  
  113  10:04  Drone x3  
  115  10:16  Drone x2  
  115  10:19  Evolution Chamber  
  114  10:21  Hatchery  
  114  10:25  Corruptor x4  
  114  10:26  Overlord x4  
  111  10:42  Hive  
  111  10:48  Roach x4  
  111  10:49  Roach x8  
  129  10:52  Ravager  
  124  11:44  Drone x7  
  124  11:45  Drone x10  
Tags
 
Composition
Mech
League
Diamond
Matchup
TvZ
Spawn Locations
Cross Positions
Add a new tag
Caveats
  • Supply blocks, unpowered buildings, or Contaminate may cause inaccurate times.
  • Supply counts are checked every 10 seconds.